 Dungeon Crawl Stone Soup version 0.29.1-15-g9cfb28693d (webtiles) character file.

Game seed: 17495010928166855885

155164 KamiKatze the Eclecticist (level 17, -7/97 HPs)
             Began as a Deep Elf Conjurer on May 2, 2023.
             Was a High Priest of Vehumet.
             Mangled by a +1 dire flail of holy wrath (25 damage)
             ... on level 2 of the Elven Halls on May 3, 2023.
             The game lasted 02:31:30 (33799 turns).

KamiKatze the Eclecticist (Deep Elf Conjurer)      Turns: 33799, Time: 02:31:30

Health: -7/97      AC: 13    Str:  6    XL:     17   Next: 8%
Magic:  32/43      EV: 14    Int: 32    God:    Vehumet [*****.]
Gold:   2813       SH:  5    Dex: 13    Spells: 16/56 levels left

rFire   + . .      SeeInvis .   a - staff of air
rCold   + . .      Faith    .   N - +0 buckler
rNeg    . . .      Spirit   .   Z - +2 robe {rC+ rF+}
rPois   .          Reflect  .   M - +1 helmet of Articulation {rCorr Str+2}
rElec   +          Harm     .   D - +0 cloak
rCorr   +          Rampage  .   g - +0 pair of gloves
Will    +....                   G - +0 pair of boots
Stlth   ++++......              t - amulet of the acrobat
HPRegen 0.26/turn               e - +4 ring of protection
MPRegen 0.28/turn               X - ring of wizardry

@: lethally poisoned (-7 -> -21), about to teleport
A: no striking features
a: Renounce Religion


You were on level 2 of the Elven Halls.
You worshipped Vehumet.
Vehumet was extremely pleased with you.
You visited 5 branches of the dungeon, and saw 25 of its levels.
You also visited: Volcano.

You collected 3226 gold pieces.
You spent 413 gold pieces at shops.

Inventory:

Hand Weapons
 w - a +3 short sword of venom
 Y - the +5 falchion of Keozawn {flame, Int+5}
   (You found it on level 11 of the Dungeon)

   It burns those it strikes, dealing additional fire damage.
   Big, fiery blades are also staple armaments of hydra-hunters.
   Int:       It affects your intelligence (+5).
Missiles
 f - 6 atropa-tipped darts
 J - 38 poisoned darts (quivered)
 L - 5 curare-tipped darts
Armour
 g - a +0 pair of gloves (worn)
 D - a +0 cloak (worn)
 G - a +0 pair of boots (worn)
 M - the +1 helmet of Articulation (worn) {rCorr Str+2}
   (You bought it in a shop on level 2 of the Orcish Mines)

   Str:       It affects your strength (+2).
   rCorr:     It protects you from acid and corrosion.
 N - a +0 buckler (worn)
 Z - a +2 robe of resistance (worn)
Magical Staves
 a - a staff of air (weapon)
 W - a staff of death
Jewellery
 e - a +4 ring of protection (left hand)
 i - a ring of see invisible
 s - a ring of willpower
 t - an amulet of the acrobat (around neck)
 B - a ring of ice
 E - a ring of ice
 X - a ring of wizardry (right hand)
Wands
 y - a wand of roots (11)
 I - a wand of flame (37)
 K - a wand of mindburst (7)
Scrolls
 d - a scroll of summoning
 h - 5 scrolls of vulnerability
 j - 3 scrolls of magic mapping
 k - 4 scrolls of poison
 l - 3 scrolls of silence
 n - 4 scrolls of butterflies
 o - 4 scrolls of enchant weapon
 q - 6 scrolls of teleportation
 r - 5 scrolls of amnesia
 u - a scroll of fear
 v - 3 scrolls of blinking
 z - 3 scrolls of immolation
 R - 3 scrolls of enchant armour
 U - a scroll of torment
Potions
 b - a potion of magic
 c - 13 potions of curing
 m - 3 potions of invisibility
 p - 7 potions of heal wounds
 x - 4 potions of cancellation
 A - 2 potions of lignification
 C - 9 potions of attraction
 F - 7 potions of might
 H - 2 potions of ambrosia
 O - 5 potions of brilliance
 Q - a potion of berserk rage
 S - a potion of mutation
 T - a potion of haste
 V - 2 potions of resistance


   Skills:
 + Level 8.0 Fighting
 - Level 2.0 Throwing
 - Level 6.0 Dodging
 - Level 9.0 Stealth
 - Level 4.0 Shields
 + Level 20.1 Spellcasting
 * Level 17.7 Conjurations
 - Level 10.0 Hexes
 - Level 10.0 Translocations
 - Level 3.0 Transmutations
 * Level 9.3 Fire Magic
 - Level 12.0 Earth Magic
 - Level 2.0 Evocations


You had 16 spell levels left.
You knew the following spells:

 Your Spells              Type           Power      Damage    Failure   Level
a - Magic Dart            Conj           100%       1d8       0%          1
b - Searing Ray           Conj           100%       2d8       0%          2
c - Fulminant Prism       Conj/Hex       44%        3d20      1%          4
d - Iskenderun's Mystic   Conj/Tloc      88%        2d17      1%          4
e - Lee's Rapid Deconstr  Erth           41%        3d21*     1%          5
f - Iron Shot             Conj/Erth      45%        9d9       1%          6
g - Irradiate             Conj/Tmut      39%        3d24      1%          5
h - Ignition              Fire           37%        3d11      21%         8
y - Yara's Violent Unrav  Hex/Tmut       32%        3d13      1%          5

Your spell library contained the following spells:

 Spells                   Type           Power      Damage    Failure   Level
 Eringya's Noxious Bog    Tmut/Pois      20%        N/A       13%         6
 Dazzling Flash           Conj/Hex       100%       N/A       0%          3
 Summon Small Mammal      Summ           100%       N/A       1%          1
 Ensorcelled Hibernation  Hex/Ice        100%       N/A       1%          2
 Sublimation of Blood     Necr           32%        N/A       1%          2
 Wereblood                Tmut           51%        N/A       1%          2
 Call Canine Familiar     Summ           32%        N/A       1%          3
 Gell's Gravitas          Tloc           77%        N/A       1%          3
 Ignite Poison            Fire/Tmut/Pois 55%        N/A       1%          3
 Inner Flame              Hex/Fire       76%        N/A       1%          3
 Lesser Beckoning         Tloc           77%        N/A       1%          3
 Mephitic Cloud           Conj/Pois/Air  81%        N/A       1%          3
 Portal Projectile        Hex/Tloc       100%       N/A       1%          3
 Spider Form              Tmut/Pois      41%        N/A       1%          3
 Summon Guardian Golem    Hex/Summ       59%        N/A       1%          3
 Teleport Other           Tloc           77%        N/A       1%          3
 Airstrike                Air            24%        2d(4-20)  1%          4
 Anguish                  Hex/Necr       29%        N/A       1%          4
 Cause Fear               Hex            38%        N/A       1%          4
 Leda's Liquefaction      Hex/Erth       40%        N/A       1%          4
 Olgreb's Toxic Radiance  Pois           32%        N/A       1%          4
 Freezing Cloud           Conj/Ice/Air   40%        6-21      1%          5
 Lightning Bolt           Conj/Air       46%        1d66      1%          5
 Summon Lightning Spire   Summ/Air       48%        N/A       6%          4
 Discord                  Hex            38%        N/A       50%         8
 Ozocubu's Refrigeration  Ice            16%        4d11      67%         7
 Storm Form               Tmut/Air       29%        N/A       91%         7
 Summon Hydra             Summ           16%        N/A       98%         7
 Maxwell's Capacitive Co  Air            24%        ∞         99%         8


Dungeon Overview and Level Annotations

Branches:
Dungeon (15/15)            Temple (1/1) D:4            Lair (5/5) D:10
 Shoals (0/4) Lair:3       Spider (0/4) Lair:3        Slime (0/5) Lair:5
    Orc (2/2) D:10            Elf (2/3) Orc:2        Vaults (0/5) D:14
 Depths (0/4) D:15        Volcano (visited)

Altars:
Ashenzari
Cheibriados
Dithmenos
Elyvilon
Fedhas
Gozag
Hepliaklqana
Kikubaaqudgha
Makhleb
Nemelex Xobeh
Okawaru
Qazlal
Ru
Sif Muna
Trog
Uskayaw
Vehumet
Wu Jian
Xom
Yredelemnul
Zin
The Shining One

Shops:
D:10 :   D:15 *   Orc:1 *[(   Orc:2 [:*   Elf:1 [*[(

Annotations:
D:6 2 transporters, Athtar's ghost, novice DrTm
D:7 1 runed translucent door, exclusion: door, Voland's ghost, novice TeAE
Elf:2 3 runed translucent doors, exclusion: 3 doors


Message History

* * * LOW HITPOINT WARNING * * *
You are lethally poisoned!
The +1 dire flail of holy wrath hits you!
* * * LOW HITPOINT WARNING * * *
You feel better.
The +3 short sword of venom hits you but does no damage.
You are poisoned.
You block the +1 dire flail of holy wrath's attack.
The +3 short sword of venom hits you but does no damage.
You feel much better.
You feel very sick.
The +1 dire flail of holy wrath hits you!
* * * LOW HITPOINT WARNING * * *
The deep elf knight gestures wildly while chanting.
The deep elf knight flickers and vanishes!
Deactivating autopickup; reactivate with Ctrl-A.
The +3 short sword of venom hits you but does no damage.
You are more poisoned.
The +3 glaive of venom hits you from afar!
* * * LOW HITPOINT WARNING * * *
The +1 dire flail of holy wrath completely misses you.
The +3 short sword of venom hits you.
* * * LOW HITPOINT WARNING * * *
Casting: Iskenderun's Mystic Blast (safe; 1% risk of failure)
Confirm with . or Enter, or press ? or * to list all spells.
You erupt in a blast of force!
The mystic blast hits the +3 glaive of venom!
The +3 glaive of venom is heavily damaged.
The +3 glaive of venom is knocked back by the mystic blast.
The +3 glaive of venom slams into the translucent stone wall!
The mystic blast hits something!
The mystic blast hits the +3 short sword of venom!
The +3 short sword of venom is heavily damaged.
The +3 short sword of venom is knocked back by the mystic blast.
The mystic blast hits the +1 dire flail of holy wrath but does no damage.
The +1 dire flail of holy wrath is heavily damaged.
* * * LOW HITPOINT WARNING * * *
You feel very sick.
The +1 dire flail of holy wrath hits you!!
You die...

...........#
#############.#.........
.'.....'..# #..#.........#...
.#######..# #...#.......#......#
.'..#..'..# #...(#..(..#........
##..#..######.....#...#.........
.'..#..'...+.....).# #..........
.#######...+.......# #..........
.'..#..'...+....@..###..........
##..#.)######....(#...#.........
.'..#..'..# #....#.....#........
.#######..# #...#.......#......#
.')....'..# #..#.........#....#.
#############.#...........#..#..
...........###.............##...
...........# #.............# ..
...........# .#...........#. .


You could see 3 dancing weapons.

Vanquished Creatures
  Rupert (D:14)
  Kirke (Lair:3)
  A deep elf sorcerer (Elf:2)
  An orc warlord (Orc:1)
  A deep elf elementalist (Elf:1)
  A stone giant (Orc:2)
  A dire elephant (Lair:5)
  3 ettins (Orc:2)
  A deep elf death mage (Elf:1)
  A deep elf high priest (Elf:1)
  Fannar (Orc:1)
  12 hydras
  A boulder beetle (D:13)
  4 centaur warriors
  Erica (D:10)
  3 two-headed ogres
  A death knight (D:14)
  2 tengu warriors
  An ogre mage (D:10)
  22 death yaks
  17 dancing weapons
  Urug (D:13)
  Sonja (D:10)
  16 deep elf knights
  4 skeletal warriors
  Lodul (D:13)
  A flayed ghost (D:15)
  8 deep elf archers
  A wolf spider zombie (D:12)
  2 lindwurms (Lair:5)
  A golden dragon skeleton (D:15)
  An orb spider (shapeshifter) (Elf:2)
  25 deep elf zephyrmancers
  A necromancer (D:15)
  Pikel (D:6)
  A phantasmal warrior (D:14)
  3 orc knights
  A tengu zombie (D:15)
  14 ugly things
  An oklob plant (Lair:1)
  5 manticores
  A wolf spider (D:14)
  12 deep elf pyromancers
  A sphinx skeleton (D:15)
  8 elephants
  11 centaur zombies (D:12)
  A frost giant zombie (D:15)
  14 cyclopes
  10 black mambas
  Maurice (D:8)
  10 cane toads
  3 gargoyles
  2 torpor snails (Lair:5)
  2 efreet (D:13)
  8 komodo dragons
  A freezing wraith (D:14)
  An unseen horror (D:11)
  A redback zombie (D:12)
  Psyche (D:12)
  3 rime drakes
  4 polar bears
  3 trolls
  A meliai (shapeshifter) (Elf:1)
  3 meliai (D:15)
  Prince Ribbit (D:5)
  2 meliai zombies (D:12)
  9 slime creatures
  A hornet (shapeshifter) (D:15)
  A blink frog (shapeshifter) (D:15)
  29 blink frogs
  8 dream sheep (Lair:5)
  A snapping turtle (Lair:3)
  2 vampires (D:12)
  2 air elementals (Elf:1)
  4 shadows
  A spriggan (Lair:3)
  2 water elementals (Elf:1)
  2 wraiths (D:12)
  6 fire bats (Volcano)
  15 vampire mosquitoes
  3 wyverns
  A yak (shapeshifter) (D:13)
  29 yaks
  6 basilisks
  3 fire elementals
  16 humans (D:14)
  Grum (D:8)
  5 hogs (Lair:3)
  Eustachio (D:5)
  A steam dragon (D:7)
  Edmund (D:4)
  A warg (Orc:1)
  An acid dragon (shapeshifter) (D:10)
  2 acid dragons
  13 water moccasins
  17 orc warriors
  3 sky beasts
  A swamp drake (D:10)
  A floating eye (shapeshifter) (D:15)
  3 ice beasts
  18 ogres
  2 black bears
  10 centaurs
  10 wolves
  A lemure (D:6)
  3 phantoms
  5 bullfrogs
  5 kobold brigands (D:8)
  2 scorpions
  2 gnoll sergeants
  6 earth elementals
  14 wights
  7 killer bees
  2 electric eels
  2 howler monkeys
  7 lava snakes (Volcano)
  6 jellies
  2 hounds
  Crazy Yiuf (D:5)
  15 orc priests
  4 iguanas
  17 orc wizards
  Robin (D:3)
  10 gnolls
  11 adders
  3 white imps
  3 ufetubi
  4 worms
  A dart slug (D:4)
  56 orcs
  7 bats
  9 endoplasms
  5 giant cockroaches
  13 goblins
  6 hobgoblins
  14 jackals
  19 kobolds
  10 quokkas
  6 ball pythons
  3 frilled lizards
  5 rats
790 creatures vanquished.

Vanquished Creatures (others)
  A deep elf knight (Elf:1)
  3 bushes
  571 fulminant prisms
  67 fungi
  49 plants
  13 withered plants
704 creatures vanquished.

Grand Total: 1494 creatures vanquished

Notes
Turn   | Place    | Note
-------+----------+-------------------------------------------
     0 | D:1      | KamiKatze the Deep Elf Conjurer began the quest for the
                  | Orb.
     0 | D:1      | Reached XP level 1. HP: 10/10 MP: 6/6
    94 | D:1      | Found a faded altar of an unknown god.
   345 | D:1      | Reached XP level 2. HP: 15/15 MP: 4/8
   382 | D:1      | Learned a level 2 spell: Searing Ray
   913 | D:1      | Reached XP level 3. HP: 19/19 MP: 4/9
  1065 | D:1      | Reached skill level 1 in Hexes
  1454 | D:2      | Reached skill level 1 in Evocations
  1514 | D:2      | Reached skill level 1 in Throwing
  1724 | D:2      | Reached skill level 1 in Translocations
  1827 | D:2      | Reached XP level 4. HP: 24/24 MP: 7/11
  1832 | D:2      | Learned a level 4 spell: Fulminant Prism
  2030 | D:3      | Noticed a scorpion
  2064 | D:3      | Noticed Robin
  2244 | D:3      | Killed Robin
  2449 | D:3      | Reached XP level 5. HP: 28/28 MP: 7/12
  2775 | D:3      | Reached skill level 5 in Conjurations
  2781 | D:3      | Learned a level 4 spell: Iskenderun's Mystic Blast
  2798 | D:4      | Reached skill level 4 in Spellcasting
  2865 | D:4      | Reached XP level 6. HP: 32/32 MP: 9/14
  3019 | D:4      | Found a staircase to the Ecumenical Temple.
  3030 | Temple   | Entered the Ecumenical Temple
  3291 | Temple   | Became a worshipper of Vehumet
  3498 | D:4      | Identified the +0 ring mail of Qayjaiv {rElec}
  3703 | D:5      | Entered Level 5 of the Dungeon
  3860 | D:5      | Noticed Prince Ribbit
  3964 | D:5      | Noticed an ice beast
  3988 | D:5      | Killed an ice beast
  3989 | D:5      | Reached skill level 5 in Spellcasting
  3989 | D:5      | Reached XP level 7. HP: 36/36 MP: 11/16
  4121 | D:5      | Noticed Edmund
  4562 | D:5      | Noticed Eustachio
  4571 | D:5      | Killed Eustachio
  4723 | D:5      | Found a runed translucent door.
  4724 | D:5      | Noticed Crazy Yiuf
  4884 | D:5      | Reached * piety under Vehumet
  4884 | D:5      | Offered knowledge of Sandblast by Vehumet.
  4885 | D:5      | Reached skill level 6 in Spellcasting
  5055 | D:6      | Reached skill level 5 in Hexes
  5093 | D:6      | Reached XP level 8. HP: 41/41 MP: 12/19
  5322 | D:6      | Reached skill level 5 in Translocations
  5451 | D:4      | Killed Edmund
  5452 | D:4      | Reached skill level 7 in Spellcasting
  5711 | D:5      | Killed Prince Ribbit
  5778 | D:5      | Killed Crazy Yiuf
  5789 | D:5      | Identified the +3 hammer of the Other Side {elec, rN+++
                  | Str+5 Int-2}
  5896 | D:6      | Noticed a two-headed ogre
  5917 | D:6      | Killed a two-headed ogre
  5918 | D:6      | Reached skill level 8 in Spellcasting
  5918 | D:6      | Reached XP level 9. HP: 45/45 MP: 1/23
  6004 | D:6      | Noticed Pikel
  6092 | D:6      | Killed Pikel
  6351 | D:6      | Found a transporter.
  6355 | D:6      | Found a transporter.
  6356 | D:6      | Noticed Athtar's ghost (novice DrTm)
  6523 | D:7      | Reached skill level 9 in Spellcasting
  6754 | D:7      | Noticed Voland's ghost (novice TeAE)
  6754 | D:7      | Found a runed translucent door.
  7361 | D:8      | Found a broken altar of Ashenzari.
  7550 | D:8      | Offered knowledge of Static Discharge by Vehumet.
  7569 | D:8      | Reached ** piety under Vehumet
  7610 | D:8      | Reached XP level 10. HP: 42/50 MP: 11/25
  7734 | D:8      | Noticed Grum
  7747 | D:8      | Killed Grum
  8040 | D:8      | Noticed Maurice
  8049 | D:8      | Killed Maurice
  8050 | D:8      | Reached skill level 10 in Spellcasting
  8663 | D:8      | Offered knowledge of Scorch by Vehumet.
  8794 | D:8      | Noticed a cyclops
  8887 | D:9      | Reached skill level 10 in Hexes
  8903 | D:9      | Noticed a two-headed ogre
  9030 | D:9      | Reached *** piety under Vehumet
  9031 | D:9      | Reached skill level 10 in Conjurations
  9033 | D:9      | Reached skill level 11 in Spellcasting
  9463 | D:9      | Offered knowledge of Conjure Flame by Vehumet.
  9489 | D:9      | Reached XP level 11. HP: 54/54 MP: 15/28
  9511 | D:9      | Killed a two-headed ogre
 10126 | D:8      | Reached **** piety under Vehumet
 10181 | D:8      | Reached skill level 1 in Shields
 10411 | D:10     | Entered Level 10 of the Dungeon
 10546 | D:10     | Offered knowledge of Irradiate by Vehumet.
 10581 | D:10     | Learned a level 5 spell: Irradiate
 10671 | D:10     | Noticed Erica
 10680 | D:10     | Killed Erica
 10681 | D:10     | Reached skill level 1 in Fighting
 10681 | D:10     | Reached skill level 12 in Spellcasting
 10811 | D:10     | Found Erochowk's Book Emporium.
 10871 | D:10     | Noticed Sonja
 10873 | D:10     | Killed Sonja
 10874 | D:10     | Reached skill level 10 in Translocations
 10874 | D:10     | Reached skill level 1 in Transmutations
 10908 | D:10     | Noticed a four-headed hydra
 10925 | D:10     | Killed a four-headed hydra
 11008 | D:10     | Found a staircase to the Lair.
 11027 | D:10     | Noticed a two-headed ogre
 11035 | D:10     | Killed a two-headed ogre
 11078 | D:10     | Noticed an ogre mage
 11093 | D:10     | Killed an ogre mage
 11497 | D:10     | Noticed an orc knight
 11507 | D:10     | Noticed a skeletal warrior
 11509 | D:10     | Killed an orc knight
 11515 | D:10     | Noticed an orc knight
 11521 | D:10     | Noticed a six-headed hydra
 11641 | D:10     | Killed a six-headed hydra
 11642 | D:10     | Reached XP level 12. HP: 62/62 MP: 16/30
 11752 | D:10     | Noticed a tengu warrior
 11765 | D:10     | Killed a tengu warrior
 11766 | D:10     | Reached skill level 5 in Stealth
 11831 | D:10     | Noticed a seven-headed hydra
 11837 | D:10     | Killed a seven-headed hydra
 11838 | D:10     | Reached skill level 13 in Spellcasting
 11925 | D:10     | Found a staircase to the Orcish Mines.
 12409 | Lair:1   | Entered Level 1 of the Lair of Beasts
 12416 | Lair:1   | Reached skill level 5 in Dodging
 12549 | Lair:1   | Found a basalt altar of Yredelemnul.
 12654 | Lair:1   | Reached ***** piety under Vehumet
 12654 | Lair:1   | Offered knowledge of Iron Shot by Vehumet.
 12665 | Lair:1   | Learned a level 6 spell: Iron Shot
 12707 | Lair:1   | Noticed a seven-headed hydra
 12716 | Lair:1   | Killed a seven-headed hydra
 12801 | Lair:1   | Reached skill level 1 in Earth Magic
 13450 | Lair:2   | Noticed a death yak
 13450 | Lair:2   | Noticed a death yak
 13451 | Lair:2   | Noticed a death yak
 13451 | Lair:2   | Noticed a death yak
 13460 | Lair:2   | Noticed a death yak
 13462 | Lair:2   | Killed a death yak
 13465 | Lair:2   | Killed a death yak
 13465 | Lair:2   | Killed a death yak
 13466 | Lair:2   | Reached skill level 14 in Spellcasting
 13466 | Lair:2   | Killed a death yak
 13476 | Lair:2   | Killed a death yak
 13652 | Lair:2   | Reached XP level 13. HP: 69/69 MP: 4/33
 14318 | Lair:2   | Reached skill level 5 in Earth Magic
 14372 | Lair:3   | Found a hole to the Spider Nest.
 14776 | Lair:3   | Reached skill level 15 in Spellcasting
 14996 | Lair:3   | Noticed Kirke
 15008 | Lair:3   | Killed Kirke
 15807 | Lair:3   | Found a staircase to the Shoals.
 16811 | Lair:5   | Entered Level 5 of the Lair of Beasts
 16831 | Lair:5   | Reached XP level 14. HP: 76/76 MP: 17/35
 17137 | Lair:5   | Offered knowledge of Lightning Bolt by Vehumet.
 17175 | Lair:5   | Reached skill level 1 in Fire Magic
 17182 | Lair:5   | Reached skill level 5 in Fighting
 17456 | Lair:5   | Reached skill level 16 in Spellcasting
 17886 | Lair:5   | Found a staircase to the Slime Pits.
 18387 | Lair:5   | Offered knowledge of Yara's Violent Unravelling by Vehumet.
 18946 | Lair:5   | Learned a level 5 spell: Yara's Violent Unravelling
 19094 | Orc:1    | Entered Level 1 of the Orcish Mines
 19099 | Orc:1    | Noticed an orc warlord
 19657 | Orc:1    | Killed an orc warlord
 19769 | Orc:1    | Found Qyhu's Weapon Emporium.
 19837 | Orc:1    | Found a dark tunnel.
 19849 | Volcano  | Entered a volcano
 20254 | Orc:1    | Noticed Fannar
 20267 | Orc:1    | Killed Fannar
 20268 | Orc:1    | Reached skill level 15 in Conjurations
 20383 | Orc:1    | Found Bushusev's Assorted Antiques.
 20399 | Orc:1    | Bought a scroll labelled MUHO RIOTEAPRI for 27 gold pieces
 20433 | Orc:1    | Found Bufoir's Armour Boutique.
 20658 | Orc:2    | Entered Level 2 of the Orcish Mines
 20675 | Orc:2    | Found a staircase to the Elven Halls.
 20693 | Orc:2    | Noticed a stone giant
 20711 | Orc:2    | Killed a stone giant
 20712 | Orc:2    | Reached skill level 17 in Spellcasting
 20850 | Orc:2    | Found Aqosirut's Antique Armour Shop.
 20915 | Orc:2    | Found Ustry's General Store.
 21147 | Orc:2    | Found Toqato's Book Boutique.
 21215 | Orc:2    | Found Amojuarr's Antique Weapon Boutique.
 21228 | Orc:2    | Reached XP level 15. HP: 55/84 MP: 29/38
 21553 | Orc:2    | Bought a steaming robe for 125 gold pieces
 21553 | Orc:2    | Identified the +3 robe of the Turtledove {Regen+ rCorr
                  | Dex+3 Slay+3} (You bought it in a shop on level 2 of the
                  | Orcish Mines)
 21553 | Orc:2    | Bought an ancient helmet for 209 gold pieces
 21553 | Orc:2    | Identified the +1 helmet of Articulation {rCorr Str+2} (You
                  | bought it in a shop on level 2 of the Orcish Mines)
 22593 | D:11     | Identified the +5 falchion of Keozawn {flame, Int+5}
 22827 | D:12     | Noticed Psyche
 22833 | D:12     | Killed Psyche
 22834 | D:12     | Reached skill level 10 in Earth Magic
 24036 | D:13     | Offered knowledge of Lee's Rapid Deconstruction by Vehumet.
 24037 | D:13     | Noticed Lodul
 24047 | D:13     | Killed Lodul
 24059 | D:13     | Noticed Urug
 24085 | D:13     | Killed Urug
 24607 | D:13     | Reached skill level 5 in Fire Magic
 24930 | D:13     | Learned a level 5 spell: Lee's Rapid Deconstruction
 25197 | D:14     | Noticed Rupert
 25197 | D:14     | Found a gate to the Vaults.
 25203 | D:14     | Paralysed by Rupert for 4 turns
 25208 | D:14     | Reached skill level 18 in Spellcasting
 25269 | D:14     | Killed Rupert
 25840 | D:14     | Reached ****** piety under Vehumet
 26638 | D:14     | Found a blossoming altar of Fedhas.
 26894 | D:15     | Entered Level 15 of the Dungeon
 27072 | D:15     | Found Ussumy's Assorted Antiques.
 27384 | D:15     | Reached XP level 16. HP: 48/90 MP: 33/40
 27477 | D:15     | Bought 2 fizzy green potions for 52 gold pieces
 27609 | D:15     | Found a staircase to the Depths.
 27853 | D:15     | Found an ancient bone altar of Kikubaaqudgha.
 29121 | Elf:1    | Entered Level 1 of the Elven Halls
 29234 | Elf:1    | Found a radiant altar of Vehumet.
 29635 | Elf:1    | Offered knowledge of Spellforged Servitor by Vehumet.
 30018 | Elf:1    | Reached skill level 19 in Spellcasting
 30543 | Elf:1    | Found Zadovvot's Antique Weapon Shop.
 30544 | Elf:1    | Found Tyadiog's Armour Shop.
 30544 | Elf:1    | Found Mieghif's General Store.
 30555 | Elf:1    | Found Abyff's Armour Boutique.
 32538 | Elf:2    | Found an ancient bone altar of Kikubaaqudgha.
 32642 | Elf:2    | Offered knowledge of Eringya's Noxious Bog by Vehumet.
 33005 | Elf:2    | Reached skill level 20 in Spellcasting
 33231 | Elf:2    | Reached XP level 17. HP: 96/97 MP: 34/43
 33513 | Elf:2    | Found a runed translucent gate.
 33513 | Elf:2    | Found a runed translucent gate.
 33513 | Elf:2    | Found a runed translucent gate.
 33678 | Elf:1    | Learned a level 8 spell: Ignition
 33799 | Elf:2    | Mangled by a +1 dire flail of holy wrath

Illustrated notes

Levels and vault maps discovered:
D:1:      lightli_arrival_farm, layout_basic, shapermc_ecumenical_altar_gd
D:2:      layout_rooms
D:3:      layout_basic, uniq_robin
D:4:      layout_rooms, temple_fountains, minmay_box_of_dots
D:5:      layout_loops_ring, uniq_eustachio, uniq_crazy_yiuf_cottage,
          uniq_prince_ribbit1, uniq_edmund
D:6:      layout_basic, gammafunk_ghost_hive, uniq_pikel
D:7:      layout_cave_pools, hellmonk_ghost_happy_afterlife
D:8:      layout_loops_ring, nicolae_ashenzari_skybound, nzn_random_ring,
          uniq_maurice, uniq_grum
D:9:      layout_cave_pools
D:10:     layout_long_grid, lair_entry_dummy, erik_orc_1, serial_shops,
          kennysheep_mini_moat, minivault_28, uniq_erica, uniq_sonja
D:11:     layout_loops_ring, dk_vineyard_1, minmay_misc_feat_enclosed,
          minmay_starry_boxes
D:12:     layout_stronghold, serial_undead, serial_undead_c, serial_undead_d,
          serial_undead_a, serial_undead_c, serial_undead_d, serial_undead_f,
          lemuel_flamethrower_3, uniq_psyche
D:13:     layout_loops_ring, uniq_urug, uniq_lodul
D:14:     layout_loops_ring, david_vaults_3, dreamdust_princess_bridge,
          fedhas_altar_4
D:15:     gammafunk_depths_entry_grave, layout_layer_cave,
          minmay_misc_feat_four_crosses, serial_shops, shop,
          kiku_gazebo_garden_becter
Temple:   mainiacjoe_temple_archimedes_tessellation
Lair:1:   layout_chaotic_city, lemuel_oklob_altar
Lair:2:   layout_regular_city
Lair:3:   layout_gridlike, minmay_shoals_entry_hut, dummy_spider_entry,
          grunt_forest_large_clearing_hut, uniq_kirke
Lair:4:   layout_loops_ring, chequers_serial_rivers_small_a
Lair:5:   hangedman_lair_in_review, layout_cave_pods,
          nicolae_slime_entry_slimehenge, chequers_serial_rivers_small_3,
          grunt_megastairs_4, lemuel_fruit_tree
Orc:1:    layout_caves, nicolae_volcano_entry_lava_flow, serial_shops, shop,
          nicolae_lakefront_shop, nicolae_lakefront_shop, mines2_lemuel,
          uniq_fannar
Orc:2:    grunt_orc_gardens, layout_caves, grunt_orc_garden, grunt_orc_garden,
          grunt_orc_garden, grunt_orc_garden
Elf:1:    eino_elf_arrival_altar, layout_gridlike, evilmike_minifort,
          minmay_shoptagon
Elf:2:    nicolae_elf_blades_splatter_lattice [nicolae_blade_little_rooms],
          layout_onion_city, basic_altar

Skill      XL: |  1  2  3  4  5  6  7  8  9 10 11 12 13 14 15 16 17 |
---------------+----------------------------------------------------+-----
Hexes          | 1 2 3 5 7 8 10 | 10.0
Stealth        | 3 4 6 8 9 |  9.0
Evocations     | 1 2 |  2.0
Throwing       | 1 2 |  2.0
Translocations | 1 2 3 4 6 7 9 10 | 10.0
Dodging        | 3 4 6 |  6.0
Conjurations   | 5 6 7 8 10 11 12 14 15 16 17 | 17.7
Spellcasting   | 4 5 6 8 9 11 12 14 15 17 18 20 | 20.1
Shields        | 3 4 |  4.0
Fighting       | 2 3 4 5 6 7 8 |  8.0
Transmutations | 2 3 |  3.0
Earth Magic    | 3 7 9 11 12 | 12.0
Fire Magic     | 4 6 9 |  9.3

Action                   |  1- 3 |  4- 6 |  7- 9 | 10-12 | 13-15 | 16-18 || total
-------------------------+-------+-------+-------+-------+-------+-------++-------
Melee: Unarmed           |     3 |       |       |       |       |       ||     3
       Whip              |    11 |     8 |     1 |     3 |       |       ||    23
       Staff             |       |       |       |       |     1 |       ||     1
 Cast: Magic Dart        |    79 |    73 |    37 |    16 |     6 |       ||   211
       Searing Ray       |     6 |    14 |    30 |    13 |     6 |       ||    69
       Fulminant Prism   |       |     1 |    29 |   152 |   317 |    73 ||   572
       Iskenderun's Myst |       |       |    13 |    55 |   148 |    44 ||   260
       Irradiate         |       |       |       |     1 |     1 |       ||     2
       Iron Shot         |       |       |       |       |    61 |    52 ||   113
       Lee's Rapid Decon |       |       |       |       |    12 |    73 ||    85
Evoke: Wand              |       |       |       |     2 |     1 |       ||     3
  Use: Scroll            |       |       |       |       |    29 |     2 ||    31
       Potion            |       |       |       |       |     1 |     4 ||     5
 Stab: Sleeping          |       |     1 |       |       |       |       ||     1
Armor: Robe              |    13 |    17 |     7 |     3 |    32 |     7 ||    79
       Skin              |       |       |     1 |       |       |       ||     1
Dodge: Dodged            |    28 |    31 |    41 |    46 |   127 |    25 ||   298
Block: Buckler           |       |       |       |     2 |    31 |     8 ||    41
